 Dungeon Crawl Stone Soup version 0.31.0-11-ge490571c62 (webtiles) character file.

Game seed: 13989777357529612202

295 Aviak the Insei (level 6, -1/38 (42) HPs)
             Began as an Octopode Reaver on Feb 3, 2024.
             Killed by nerve-wracking pain
             ... invoked by an orc priest
              (14 damage)
             ... on level 3 of the Dungeon.
             The game lasted 00:03:42 (2806 turns).

Aviak the Insei (Octopode Reaver)                   Turns: 2806, Time: 00:03:42

HP:   -1/38 (42)    AC:  1    Str: 11    XL:     6   Next: 34%
MP:   9/9           EV: 14    Int: 16    God:
Gold: 143           SH:  5    Dex: 18    Spells: 8/9 levels left

rFire   + .          .
                       - Unarmed
rCold   . . .        f - +0 buckler
rNeg    . . .        (helmet restricted)
rPois   .            (no amulet)
rElec   .            F - ring of protection from fire
rCorr   .            g - +6 ring of dexterity
SInv    .            (no ring)
Will    .....        (no ring)
Stlth   +++          (no ring)
HPRegen 0.26/turn    (no ring)
MPRegen 0.11/turn    (no ring)
                     (no ring)

%: no passive effects
@: drained
A: almost no armour, amphibious, 8 rings, camouflage 1, gelatinous body 1,
(nimble swimmer 1), tentacles
a: no special abilities


You were on level 3 of the Dungeon.
You visited 1 branch of the dungeon, and saw 3 of its levels.

You collected 143 gold pieces.

Inventory:

Missiles
 i - 2 throwing nets {!f}
Armour
 f - a +0 buckler (worn)
Jewellery
 g - a +6 ring of dexterity (right tentacle)
 q - a +6 ring of dexterity
 F - a ring of protection from fire (left tentacle)
Wands
 r - a wand of roots (12)
Scrolls
 a - a scroll of torment {!r}
 b - a scroll of teleportation {unknown}
 h - a scroll of revelation {unknown}
 j - a scroll of amnesia {unknown}
 k - a scroll of silence {unknown}
 m - a scroll of blinking {unknown}
 n - a scroll of summoning {unknown}
Potions
 c - 5 potions of curing
 d - a potion of invisibility {unknown}
 e - 2 potions of resistance
 l - a potion of magic {unknown}
 o - a potion of attraction {unknown}
 p - a potion of brilliance {unknown}


   Skills:
 + Level 3.6 Fighting
 + Level 3.7 Dodging
 + Level 2.4 Shields
 + Level 4.3 Unarmed Combat
 - Level 2.0 Spellcasting
 - Level 3.0 Conjurations


You had 8 spell levels left.
You knew the following spells:

 Your Spells              Type           Power      Damage    Failure   Level
a - Kiss of Death         Conj/Necr      24%        2d7       16%         1

Your spell library contained the following spells:

 Spells                   Type           Power      Damage    Failure   Level
 Momentum Strike          Conj/Tloc      12%        3d8       24%         2
 Hailstorm                Conj/Ice       6%         3d5       43%         3


Dungeon Overview and Level Annotations

Branches:
Dungeon (3/15)

Altars:

Shops:
D:1 *


Innate Abilities, Weirdness & Mutations

You cannot wear most types of armour.
You are amphibious.
You can wear up to eight rings at the same time.
Your skin changes colour to match your surroundings (Stealth+).
Your rubbery body absorbs attacks. (AC +1, EV +1)
((You are camouflaged when in or above water. (Stealth+)))
You have tentacles for arms and can constrict up to eight enemies at once.


Message History

You kill the orc!
You bludgeon the frilled lizard!
You kill the frilled lizard!
The orc wizard casts a spell.
The orc wizard flickers and vanishes!
Deactivating autopickup; reactivate with Ctrl-A.
You hear an angry hiss.
A ball python comes into view.
The ball python hisses angrily.
You block the orc priest's attack. The goblin barely misses you.
A hobgoblin comes into view. It is quivering atropa-tipped darts.
There is an open door, spattered with blood here.
Things that are here:
a +0 hand axe; a +0 scale mail; a frilled lizard corpse You tentacle-slap the orc priest but do no damage.
You grab the orc priest. You squeeze the orc priest.
The orc priest is lightly wounded.
You constrict the orc priest. The orc priest hits you with a +0 club.
The goblin hits you with a +0 club.
You tentacle-slap the orc priest but do no damage.
The orc priest is lightly wounded.
You constrict the orc priest, but do no damage.
The orc priest invokes the aid of Beogh against you.
Pain shoots through your body! The goblin completely misses you.
You tentacle-slap the orc priest but do no damage.
You tentacle-slap the orc priest, but do no damage.
You squeeze the orc priest, but do no damage.
The orc priest is lightly wounded.
You constrict the orc priest, but do no damage.
The orc priest calls down the wrath of Beogh upon you.
Pain shoots through your body!
* * * LOW HITPOINT WARNING * * *
You block the goblin's attack.
You release your grip on the orc priest.
The orc priest attacks as it pursues you!
The orc priest barely misses you.
You feel better.
The orc priest invokes the aid of Beogh against you.
Pain shoots through your body!
You die...

###########†#####
#....)....#
#.8..8..8.#
#.........#
##+##'##+##
#..#..##
#.##...## ..#
##...# ##. ##@.#
# ##o# #...B.g#
#...S.w# #.....g#
..###...# . #...#
#...# .####


You could see an orc priest, a dart slug, a hobgoblin and a goblin.

Vanquished Creatures
  A black bear (D:3)
  A bombardier beetle (D:3)
  A hound (D:3)
  4 gnolls (D:3)
  2 adders (D:3)
  4 ribbon worms (D:2)
  5 orcs (D:3)
  9 ball pythons
  4 bats
  10 endoplasms
  5 giant cockroaches
  6 goblins
  3 hobgoblins
  2 jackals (D:3)
  3 quokkas
  5 frilled lizards
  7 kobolds
  A rat (D:3)
73 creatures vanquished.

Notes
Turn   | Place    | Note
-------+----------+-------------------------------------------
     0 | D:1      | Aviak the Octopode Reaver began the quest for the Orb.
     0 | D:1      | Reached XP level 1. HP: 14/14 MP: 3/3
   130 | D:1      | Reached XP level 2. HP: 14/19 MP: 5/5
   370 | D:1      | Found Daczet's General Store.
   411 | D:1      | Reached XP level 3. HP: 25/25 MP: 6/6
  1735 | D:2      | Reached XP level 4. HP: 30/30 MP: 7/7
  2049 | D:3      | Noticed a black bear
  2060 | D:3      | Killed a black bear
  2061 | D:3      | Reached skill level 1 in Shields
  2061 | D:3      | Reached skill level 4 in Unarmed Combat
  2061 | D:3      | Reached XP level 5. HP: 23/36 MP: 6/8
  2245 | D:3      | Reached XP level 6. HP: 4/36 MP: 7/9
  2536 | D:3      | Found a faded altar of an unknown god.
  2806 | D:3      | Killed from afar by an orc priest

Illustrated notes

Levels and vault maps discovered:
D:1:      dpeg_arrival_castle, layout_loops_ring, serial_shops,
          nicolae_square_shop, minmay_tetromino_s2
D:2:      minmay_inner_zag, layout_basic
D:3:      minmay_chambers_of_threes, layout_basic, mainiacjoe_overflow_catwalk,
          hellmonk_ecumenical_altar_heavens_door

Skill      XL: |  1  2  3  4  5 |
---------------+----------------+-----
Fighting       | 3 |  3.6
Dodging        | 3 |  3.7
Shields        | 1 2 |  2.4
Unarmed Combat | 4 |  4.3
Spellcasting   | |  2.0
Conjurations   | |  3.0

Action                     |  1- 3 |  4- 6 || total
---------------------------+-------+-------++-------
  Melee: Unarmed           |    71 |    87 ||   158
         Constrict         |    22 |    18 ||    40
         Tentacles         |    18 |    19 ||    37
         Punch             |     1 |     5 ||     6
   Cast: Kiss of Death     |       |     2 ||     2
    Use: Scroll            |       |     3 ||     3
         Potion            |       |     1 ||     1
   Stab: Sleeping          |    14 |     6 ||    20
 Armour: Skin              |    10 |    36 ||    46
  Dodge: Dodged            |    29 |    55 ||    84
  Block: Buckler           |     6 |    22 ||    28
